 Dungeon Crawl Stone Soup version 0.17-a0-1887-g3e50df6 (webtiles) character file.

154 Goblin1989 the Poker (level 5, -1/41 HPs)
             Began as a Centaur Gladiator on Sept 23, 2015.
             Killed from afar by an orc wizard (7 damage)
             ... with a puff of flame
             ... on level 3 of the Dungeon.
             The game lasted 00:06:57 (2172 turns).

Goblin1989 the Poker (Centaur Gladiator)            Turns: 2172, Time: 00:06:57

Health: -1/41      AC:  7    Str: 17    XL:     5   Next: 13%
Magic:  5/5        EV:  8    Int:  7    God:
Gold:   111        SH:  0    Dex: 11    Spells: 0 memorised, 4 levels left

rFire  . . .     SeeInvis .     a - +0 trident
rCold  . . .     Clarity  .     h - +0 scale mail
rNeg   . . .     SustAt   .     (no shield)
rPois  .         Gourm    .     c - +0 helmet
rElec  .         Spirit   .     (no cloak)
rCorr  .         Warding  .     (no gloves)
rMut   .         Stasis   .     (no barding)
MR     .....                    (no amulet)
Stlth  ..........               (no ring)
                                (no ring)

@: very quick, not resistant to hostile enchantments, extremely unstealthy
A: hooves 3, deformed body, speed 2, tough skin 3
a: no special abilities


You were on level 3 of the Dungeon.
You were not hungry.

You visited 1 branch of the dungeon, and saw 3 of its levels.

You collected 111 gold pieces.

Inventory:

Hand weapons
 a - a +0 trident (weapon)
Missiles
 d - 3 throwing nets (quivered)
 n - 5 tomahawks
Armour
 c - a +0 helmet (worn)
 g - a +0 chain mail
 h - a +0 scale mail (worn)
Jewellery
 x - a +5 ring of intelligence {unknown}
 y - an uncursed amulet of stasis {unknown}
Magical devices
 A - a wand of teleportation (7)
Scrolls
 j - 2 scrolls of fog {unknown}
 k - a scroll of enchant weapon {unknown}
 l - 2 scrolls of identify {unknown}
 p - 2 scrolls of magic mapping {unknown}
 r - a scroll of teleportation {unknown}
 v - 2 scrolls of fear {unknown}
 w - a scroll of remove curse {unknown}
 B - a scroll of blinking {unknown}
Potions
 f - a potion of ambrosia {unknown}
 i - a potion of lignification {unknown}
 m - a potion of beneficial mutation {unknown}
 s - a potion of haste {unknown}
 t - a potion of curing {unknown}
 u - a potion of cure mutation {unknown}
 C - a potion of flight {unknown}
Comestibles
 b - 2 beef jerkies
 e - 2 bread rations
 o - a slice of pizza
 q - 4 fruits
 z - a chunk of flesh


   Skills:
 - Level 2.0 Fighting
 + Level 5.3 Polearms
 - Level 2.6 Throwing
 - Level 2.1 Dodging


You had 4 spell levels left.
You didn't know any spells.

Dungeon Overview and Level Annotations

Branches:
Dungeon (3/15)

Altars:
Cheibriados
Dithmenos


Innate Abilities, Weirdness & Mutations

You have hooves in place of feet.
Armour fits poorly on your strangely shaped body.
You cover ground very quickly.
You have extremely tough skin (AC +3).


Message History

The puff of flame hits you!
* * * LOW HITPOINT WARNING * * *
The orc barely misses you.
You are too injured to fight recklessly!
You are too injured to fight recklessly!
You hit the orc wizard. You kick the orc wizard.
The orc wizard is severely wounded.
The orc wizard hits you but does no damage.
The orc wizard closely misses you.
You hit the orc wizard.
The orc wizard is severely wounded.
The orc wizard casts a spell at you. The magic dart hits you!
* * * LOW HITPOINT WARNING * * *
You barely miss the orc wizard.
You kick the orc wizard, but do no damage.
The orc wizard is severely wounded.
The orc wizard casts a spell at you. The puff of flame hits you!
You die...

.... ##. .... ...
...8 #.# #_## #.# ###
### #)####### ..##
#.# #)......#
.#.#####(# #o#
###......# #o#
.#>#####.#######@####
#.## #...)...(....#
### #.##########.# #
#.# # # #.# # #.# #
#.# ... ..


You could see an orc wizard and an orc.

Vanquished Creatures
  An orc wizard (D:3)
  3 adders
  4 oozes
  A worm (D:2)
  3 giant geckos
  7 orcs (D:3)
  2 ball pythons
  2 bats
  3 giant cockroaches
  15 goblins
  6 hobgoblins
  2 jackals (D:2)
  4 giant newts
  8 kobolds
  10 rats
71 creatures vanquished.

Notes
Turn   | Place    | Note
--------------------------------------------------------------
     0 | D:1      | Goblin1989 the Centaur Gladiator began the quest for the Orb.
     0 | D:1      | Reached XP level 1. HP: 17/17 MP: 1/1
    61 | D:1      | Reached skill level 3 in Polearms
    67 | D:1      | Reached XP level 2. HP: 24/24 MP: 2/2
   835 | D:1      | Reached XP level 3. HP: 29/29 MP: 3/3
   974 | D:2      | Reached skill level 4 in Polearms
  1309 | D:2      | Reached XP level 4. HP: 29/36 MP: 4/4
  1790 | D:3      | Reached skill level 5 in Polearms
  1962 | D:3      | Found a faded altar to an unknown god.
  2008 | D:3      | Reached XP level 5. HP: 39/41 MP: 5/5
  2010 | D:3      | Found a snail-covered altar of Cheibriados.
  2010 | D:3      | Found a shadowy altar of Dithmenos.
  2172 | D:3      | Killed from afar by an orc wizard

Vault maps used:
D:1:      erik_arrival_gehennom, wad_floor_pattern_untrapped,
          minmay_misc_feat_secret_circle
D:3:      nicolae_overflow_hidden_temple, ecumenical_altar_2, uniq_natasha

Action                   |  1- 3 |  4- 6 || total
-------------------------+-------+-------++-------
Melee: Trident           |   132 |    98 ||   230
  Eat: Chunk             |       |     3 ||     3
